 Dungeon Crawl Stone Soup version 0.31-a0-150-g89dc3ad700 (webtiles) character file.

Game seed: 15302550916021682806

77 qw the Shooter (level 4, 0/38 HPs)
             Began as a Minotaur Hunter on June 8, 2023.
             Slain by Grinder (5 damage)
             ... on level 3 of the Dungeon.
             The game lasted 00:00:38 (1537 turns).

qw the Shooter (Minotaur Hunter)                    Turns: 1537, Time: 00:00:39

Health: 0/38       AC:  6    Str: 15    XL:     4   Next: 14%
Magic:  3/3        EV: 12    Int:  6    God:
Gold:   154        SH:  0    Dex: 22    Spells: 3/3 levels left

rFire   . . .        Y - +0 shortbow
rCold   . . .        (shield currently unavailable)
rNeg    . . .        f - +0 ring mail
rPois   .            (helmet restricted)
rElec   .            (no cloak)
rCorr   .            h - +0 pair of gloves
SInv    .            (no boots)
Will    .....        (no amulet)
Stlth   +            e - +6 ring of dexterity
HPRegen 0.26/turn    (no ring)
MPRegen 0.08/turn

%: no passive effects
@: no status effects
A: horns 2, retaliatory headbutt
a: no special abilities


You were on level 3 of the Dungeon.
You visited 1 branch of the dungeon, and saw 3 of its levels.

You collected 154 gold pieces.


Innate Abilities, Weirdness & Mutations

You have a pair of horns on your head.
You reflexively headbutt those who attack you in melee.


   Skills:
 - Level 3.0 Fighting
 - Level 6.0 Ranged Weapons
 + Level 0.0 Armour
 - Level 2.3 Dodging
 - Level 0.7 Stealth


You had 3 spell levels left.
You didn't know any spells.
Your spell library was empty.

Inventory:

Hand Weapons
 Y - a +0 shortbow (weapon)
Armour
 f - a +0 ring mail (worn)
 h - a +0 pair of gloves (worn)
Jewellery
 e - a +6 ring of dexterity (left hand)
Potions
 a - a potion of mutation {unknown}
 b - a potion of curing
 d - a potion of brilliance {unknown}

Dungeon Overview and Level Annotations

Branches:
Dungeon (3/15)

Altars:

Annotations:
D:3 Grinder


Message History

You shoot an arrow. The arrow hits Grinder.
Grinder is moderately wounded.
Grinder hits you.
Grinder says, "FISH!"
Grinder hits you!
You writhe in agony.
You shoot an arrow. The arrow hits Grinder.
Grinder is moderately wounded.
Grinder barely misses you.
You shoot an arrow. The arrow hits Grinder.
Grinder is moderately wounded.
Grinder hits you.
You writhe in agony.
You shoot an arrow. The arrow barely misses Grinder.
Grinder barely misses you.
You shoot an arrow.
The arrow hits Grinder but does no damage.
Grinder is moderately wounded.
Grinder misses you.
You shoot an arrow. The arrow hits Grinder.
Grinder is heavily wounded.
Grinder hits you but does no damage. x2
You shoot an arrow. The arrow hits Grinder.
Grinder is heavily wounded.
Grinder hits you but does no damage.
You shoot an arrow. The arrow hits Grinder!
Grinder is severely wounded.
Grinder drinks a potion.
Grinder is healed!
You shoot an arrow. The arrow closely misses Grinder.
Grinder hits you.
You writhe in agony.
You shoot an arrow. The arrow closely misses Grinder.
Grinder barely misses you.
You shoot an arrow. The arrow barely misses Grinder.
Grinder blinks!
You start resting.
Grinder is nearby!
You shoot an arrow. The arrow closely misses Grinder.
You shoot an arrow. The arrow hits Grinder.
Grinder is severely wounded.
You shoot an arrow. The arrow closely misses Grinder.
Grinder hits you.
You die...

# ###.
...
#.#
#..##
#..##
#@5###
##...#
###.##
#..#
##.##
#..##
##.<##
##..#
##.#


You could see Grinder.

Vanquished Creatures
  2 adders (D:2)
  A worm (D:2)
  A dart slug (D:1)
  4 orcs (D:2)
  4 endoplasms
  2 goblins (D:1)
  5 hobgoblins
  2 quokkas
  3 ball pythons
  4 bats
  4 frilled lizards
  6 kobolds
  15 rats
53 creatures vanquished.

Notes
Turn   | Place    | Note
-------+----------+-------------------------------------------
     0 | D:1      | qw the Minotaur Hunter began the quest for the Orb.
     0 | D:1      | Reached XP level 1. HP: 18/18 MP: 0/0
     0 | D:1      | 0 ||| qw: Version: 0.2-a-119-g7aa9181
     0 | D:1      | 0 ||| qw: Game counter: 2883
     0 | D:1      | 0 ||| qw: Always use a shield: true
     0 | D:1      | 0 ||| qw: God list: Okawaru
     0 | D:1      | 0 ||| qw: Allow faded altars: false
     0 | D:1      | 0 ||| qw: Do Orc after D:15 true
     0 | D:1      | 0 ||| qw: Do second Lair branch before Depths: true
     0 | D:1      | 0 ||| qw: Lair rune preference: random
     0 | D:1      | 0 ||| qw: Plans: Normal
     0 | D:1      | 0 ||| PLANNING D:1-11
   157 | D:1      | Reached XP level 2. HP: 25/25 MP: 1/1
   171 | D:1      | Reached skill level 5 in Ranged Weapons
   379 | D:1      | Reached skill level 3 in Fighting
   802 | D:1      | 802 ||| UPGRADING to +0 pair of gloves.
   807 | D:1      | 807 ||| UPGRADING to +6 ring of dexterity.
   808 | D:1      | 808 ||| READING scroll labelled JETITR DERONN.
   809 | D:1      | 809 ||| READING scroll labelled INGOTA VUCUEN.
   810 | D:1      | 810 ||| DROPPING scroll of butterflies.
   862 | D:2      | Reached XP level 3. HP: 31/31 MP: 2/2
  1049 | D:2      | Found the ring of Shadows {Umbra +Inv Stlth+}
  1143 | D:2      | Identified the +0 robe "Veofayg" {rElec rC+ Int+3 Dex-4}
  1221 | D:2      | Reached skill level 6 in Ranged Weapons
  1221 | D:2      | Reached XP level 4. HP: 38/38 MP: 3/3
  1478 | D:2      | 1478 ||| UPGRADING to +0 ring mail.
  1488 | D:2      | 1488 ||| DROPPING +0 leather armour.
  1489 | D:2      | 1489 ||| DROPPING +0 robe "Veofayg" {rElec rC+ Int+3
                  | Dex-4}.
  1490 | D:2      | 1490 ||| READING scroll labelled PILIMN QOXT.
  1491 | D:2      | 1491 ||| READING scroll labelled FOHAIR VAPS.
  1508 | D:3      | Noticed Grinder
  1519 | D:3      | Paralysed by Grinder for 4 turns
  1531 | D:3      | HP: 8/38 [Grinder (5)]
  1531 | D:3      | HP: 3/38 [Grinder (5)]
  1537 | D:3      | Slain by Grinder

Levels and vault maps discovered:
D:1:      lightli_arrival_statuegarden, layout_loops_cross, serial_forest,
          infiniplex_forest_straight_3, infiniplex_forest_3_way,
          infiniplex_forest_clump_small, infiniplex_forest_lined_room_3,
          infiniplex_forest_clump_cross, glass_columns_b, minmay_pentomino_z2
D:2:      layout_loops_cross, minmay_rat_gold_closets
D:3:      layout_rooms, fiery_altar_vehumet, uniq_ijyb, uniq_jessica,
          uniq_grinder, uniq_natasha

Skill      XL: |  1  2  3 |
---------------+----------+-----
Ranged Weapons | 5 6 |  6.0
Fighting       | 3 |  3.0
Dodging        | |  2.3
Stealth        | |  0.7

Action                     |  1- 3 |  4- 6 || total
---------------------------+-------+-------++-------
   Fire: Shortbow          |   118 |    27 ||   145
    Use: Scroll            |     2 |     2 ||     4
 Armour: Leather armour    |    10 |       ||    10
         Ring mail         |       |     4 ||     4
  Dodge: Dodged            |    27 |     5 ||    32

Table legend:
 A = Non-vault XP
 B = Vault XP
 C = Vault XP percentage of total XP
 D = Non-vault monster count
 E = Vault monster count
 F = Vault count percentage of total count
                 A         B        C        D         E       F
            +---------+---------+-------+---------+---------+-------
      Total |     100 |      11 |   9.9 |      42 |      11 |  20.8
            +---------+---------+-------+---------+---------+-------
        D:1 |      35 |       2 |   5.4 |      22 |       2 |   8.3
        D:2 |      65 |       9 |  12.2 |      20 |       9 |  31.0
            +---------+---------+-------+---------+---------+-------
